 Dungeon Crawl Stone Soup version 0.23.2-33-g5129a83184 (webtiles) character file.

Game seed: 15488943724939635380

19593 MalarOregon the Peltast (level 12, -4/89 HPs)
             Began as a Merfolk Venom Mage on Aug 11, 2019.
             Was an Initiate of Gozag.
             Slain by a red ugly thing (11 damage)
             ... on level 11 of the Dungeon.
             The game lasted 01:09:50 (20786 turns).

MalarOregon the Peltast (Merfolk Venom Mage)       Turns: 20786, Time: 01:09:51

Health: -4/89      AC:  8    Str: 13    XL:     12   Next: 70%
Magic:  21/21      EV: 13    Int: 16    God:    Gozag
Gold:   2107       SH: 17    Dex: 15    Spells: 14/23 levels left

rFire    + . .     SeeInvis +   a - +6 dagger (elec)
rCold    . . .     Gourm    .   D - +0 shield
rNeg     . . .     Faith    .   B - +3 leather armour "Meown" {Int+2}
rPois    .         Spirit   .   m - +1 helmet
rElec    .         Reflect  +   (no cloak)
rCorr    .         Harm     .   (no gloves)
MR       .....                  (no boots)
Stlth    ++........             r - +4 amulet of reflection
HPRegen  0.24/turn              i - ring of protection from fire
MPRegen  0.17/turn              z - ring of see invisible

@: gold aura
A: change form in water, swift swim, stealthy swim
a: Potion Petition, Call Merchant, Bribe Branch, Renounce Religion


You were on level 11 of the Dungeon.
You worshipped Gozag.
Gozag was most pleased with you.
You were not hungry.

You visited 3 branches of the dungeon, and saw 14 of its levels.

You collected 2364 gold pieces.
You spent 125 gold pieces at shops.
You paid 132 gold pieces to Gozag.

Inventory:

Hand Weapons
 a - a +6 dagger of electrocution (weapon)
   (You took it off a wight on level 10 of the Dungeon)
 v - a +4 short sword of flaming
   (You took it off a wight on level 6 of the Dungeon)
 A - a cursed +5 scimitar of freezing
   (You took it off a wight on level 6 of the Dungeon)
 K - a +4 dagger of venom
   (You took it off a goblin on level 1 of the Dungeon)
Missiles
 o - 2 throwing nets (quivered) {!f}
Armour
 b - a +2 large shield
   (You found it on level 5 of the Dungeon)
 m - a +1 helmet (worn)
   (You found it on level 1 of the Dungeon)
 B - the +3 leather armour "Meown" (worn) {Int+2}
   (You took it off a kobold on level 8 of the Dungeon)

   It affects your intelligence (+2).
 D - a +0 shield (worn)
   (You found it on level 10 of the Dungeon)
Jewellery
 h - an uncursed ring of magical power {unknown}
   (You found it on level 11 of the Dungeon)
 i - a ring of protection from fire (left hand)
   (You found it on level 10 of the Dungeon)
 k - a +3 ring of dexterity
   (You found it on level 1 of the Dungeon)
 r - a +4 amulet of reflection (around neck)
   (You found it on level 3 of the Dungeon)
 y - an uncursed ring of ice
   (You found it on level 6 of the Dungeon)
 z - a ring of see invisible (right hand)
   (You took it off an orc on level 4 of the Dungeon)
Wands
 f - a wand of enslavement (9)
   (You found it on level 10 of the Dungeon)
 u - a wand of paralysis (13)
   (You found it on level 1 of the Lair of Beasts)
 x - a wand of acid (10)
   (You found it on level 6 of the Dungeon)
 I - a wand of polymorph (11)
   (You found it on level 2 of the Lair of Beasts)
Scrolls
 c - 2 scrolls of acquirement
 q - 2 scrolls of magic mapping
 s - 2 scrolls of fog
 t - 6 scrolls of identify {@r1}
 w - 3 scrolls of immolation {!r}
 C - 5 scrolls of teleportation {@r4}
 E - a scroll of blinking
 F - 5 scrolls of remove curse {@r2}
Potions
 d - a potion of cancellation
 g - 9 potions of curing {@q1}
 j - 3 potions of resistance
 l - 3 potions of flight
 n - 3 potions of might
 p - a potion of lignification {!q}
 G - 3 potions of magic
 J - a potion of brilliance
Comestibles
 e - 10 rations {!d}


   Skills:
 + Level 6.9 Fighting
 - Level 10.0 Short Blades
 - Level 3.0 Dodging
 - Level 2.1 Stealth
 + Level 15.1 Shields
 + Level 6.2 Spellcasting
 - Level 1.0 Conjurations
 + Level 4.1 Transmutations
 - Level 1.0 Air Magic
 - Level 1.0 Earth Magic
 - Level 4.0 Poison Magic


You had 14 spell levels left.
You knew the following spells:

 Your Spells              Type           Power        Failure   Level  Hunger
a - Petrify               Tmut/Erth      ##......     52%         4    ####...
f - Mephitic Cloud        Conj/Pois/Air  ##......     22%         3    ##.....
x - Poisonous Vapours     Pois/Air       ##....       10%         2    #......

Your spell library contained the following spells:

 Spells                   Type           Power        Failure   Level  Hunger
 Sting                    Conj/Pois      ##..         6%          1    None
 Magic Dart               Conj           #...         12%         1    None
 Confusing Touch          Hex            #.....       17%         1    None
 Freeze                   Ice            #...         17%         1    None
 Summon Butterflies       Summ           #.......     17%         1    None
 Throw Frost              Conj/Ice       #.....       22%         2    #......
 Blink                    Tloc           N/A          26%         2    #......
 Call Imp                 Summ           #.......     26%         2    #......
 Slow                     Hex            #.......     26%         2    #......
 Olgreb's Toxic Radiance  Pois           ###.....     32%         4    ####...
 Conjure Flame            Conj/Fire      #.......     38%         3    ##.....
 Call Canine Familiar     Summ           #.......     45%         3    ##.....
 Confuse                  Hex            #.......     45%         3    ##.....
 Gell's Gravitas          Tloc           #.........   45%         3    ##.....
 Ozocubu's Armour         Chrm/Ice       #.......     45%         3    ##.....
 Throw Icicle             Conj/Ice       #.......     80%         4    ####...
 Summon Ice Beast         Ice/Summ       #.......     86%         4    ####...
 Venom Bolt               Conj/Pois      ##........   86%         5    ######.
 Yara's Violent Unravell  Hex/Tmut       ##........   90%         5    ######.
 Metabolic Englaciation   Hex/Ice        #.........   99%         5    ######.
 Summon Mana Viper        Hex/Summ       #.......     99%         5    ######.
 Summon Hydra             Summ           #.........   100%        7    #######


Dungeon Overview and Level Annotations

Branches:
Dungeon (11/15)            Temple (1/1) D:6            Lair (2/6) D:9
    Orc (0/2) D:11
  Swamp: Lair:2-4    Shoals: Lair:2-4     Snake: Lair:2-4    Spider: Lair:2-4

Altars:
Ashenzari
Cheibriados
Dithmenos
Elyvilon
Fedhas
Gozag
Hepliaklqana
Kikubaaqudgha
Makhleb
Nemelex Xobeh
Okawaru
Qazlal
Ru
Sif Muna
Trog
Uskayaw
Vehumet
Wu Jian
Xom
Yredelemnul
Zin
The Shining One

Shops:
D:8 (   D:10 [

Annotations:
D:11 1 transporter
Lair:2 1 runed translucent door, exclusion: 3 oklob plants, hudiniq's ghost, journeyman MiFi


Message History

The black bear bites you but does no damage.
You block the black bear's attack. The black bear closely misses you.
You hit the black bear.
A red ugly thing comes into view.
You hit the black bear. You block the black bear's attack. x2
The black bear claws you but does no damage.
You hit the black bear.
Lightning courses through the black bear!
You kill the black bear!
No target in view!
No target in view!
No target in view!
No target in view!
No target in view!
No target in view!
No target in view!
No target in view!
No target in view!
No target in view!
The red ugly thing is too close now for your liking.
You see here 5 gold pieces.
A red ugly thing is nearby!
The red ugly thing tentacle-slaps you but does no damage.
You hit the red ugly thing but do no damage.
Lightning courses through the red ugly thing!
The red ugly thing tentacle-slaps you but does no damage.
You puncture the red ugly thing! You hit the red ugly thing.
The red ugly thing tentacle-slaps you.
You are engulfed in flames!
You puncture the red ugly thing!
Lightning courses through the red ugly thing!
You hit the red ugly thing. The red ugly thing tentacle-slaps you!
You are engulfed in flames!!
You hit the red ugly thing. You hit the red ugly thing.
The red ugly thing tentacle-slaps you!
* * * LOW HITPOINT WARNING * * *
You are engulfed in flames!!
* * * LOW HITPOINT WARNING * * *
Put on which piece of jewellery? (? for menu, Esc to quit)
You're wearing all the rings you can.
Remove which one? (? for menu, Esc to cancel) < or
k - a +3 ring of dexterity; > or
z - a ring of see invisible You remove your +3 ring of dexterity.
You feel clumsy.
i - a ring of protection from fire (left hand)
The red ugly thing tentacle-slaps you!
* * * LOW HITPOINT WARNING * * *
You are engulfed in flames!
You resist.
You die...
Your body crumbles into a pile of gold.

#.#...>.....≈.........#.....
#.###...#.≈#....##....#.####
##.###...#≈#≈..#.........###.
##.........#≈...#≈.#.##.......
#........#≈.....#≈.#.##...####
#.....<..'......#≈..?##.#.# #
#........#..#####≈...##.#.# #
#........#..u≈≈≈≈≈...##.#.. #
#........#.#.@...##..##.##.# #
#..........##..$###..##.# ..
#.........###........##.# #.#
#(........##########.##.. ..
#...............# ..######.##
#........######.# .... ..# ..#
#........# #.# .# #.# #.#
#........### #.#..# #.###..
#####......# #.#..#####...)#.


You could see a red ugly thing.

Vanquished Creatures
  Harold (D:7)
  A catoblepas (D:11)
  A two-headed ogre (D:11)
  Pikel (D:6)
  An oklob plant (Lair:2)
  2 black mambas
  2 rime drakes
  3 spiny frogs (Lair:1)
  4 komodo dragons (Lair:1)
  2 polar bears (D:10)
  A hornet (D:10)
  5 blink frogs (Lair:2)
  6 hippogriffs
  3 wyverns
  A water elemental (D:10)
  17 yaks
  2 basilisks
  A hungry ghost (D:10)
  2 soldier ants (D:8)
  5 porcupines
  4 water moccasins
  A phantom (D:8)
  An orc warrior (D:10)
  A sky beast (D:10)
  An ice beast (D:9)
  4 necrophages (D:6)
  4 black bears
  10 wolves
  2 centaurs (D:5)
  6 ogres
  5 crocodiles
  A big kobold (D:8)
  11 bullfrogs
  A water moccasin zombie (D:6)
  4 scorpions
  3 killer bees (D:9)
  2 water moccasin skeletons (D:11)
  11 wights
  4 howler monkeys
  A centaur zombie (D:10)
  2 crimson imps
  3 orc priests (D:8)
  7 hounds
  A jelly (D:8)
  A quasit (D:9)
  A gnoll shaman (D:6)
  8 orc wizards
  A bullfrog skeleton (D:9)
  3 iguanas
  8 worker ants
  2 hound zombies
  A hound skeleton (D:8)
  A howler monkey skeleton (D:8)
  13 adders
  10 gnolls
  2 shadow imps
  2 white imps (D:10)
  2 worker ant simulacra (D:11)
  3 adder skeletons
  5 worms
  2 dart slugs (D:2)
  3 leopard geckos
  30 orcs
  2 ball pythons
  7 bats
  3 giant cockroaches
  9 hobgoblins
  8 jackals
  10 kobolds
  6 quokkas
  3 frilled lizards
  11 goblins
  2 jackal zombies
  A leopard gecko skeleton (D:4)
  A leopard gecko zombie (D:6)
  A quokka zombie (D:8)
  7 rats
320 creatures vanquished.

Vanquished Creatures (others)
  A hippogriff (D:10)
  3 yaks (D:9)
  A centaur (D:8)
  An orc wizard (D:10)
  A bush (D:6)
  A fungus (Lair:1)
  4 plants
12 creatures vanquished.

Grand Total: 332 creatures vanquished

Notes
Turn   | Place    | Note
-------+----------+-------------------------------------------
     0 | D:1      | MalarOregon the Merfolk Venom Mage began the quest for the
                  | Orb.
     0 | D:1      | Reached XP level 1. HP: 13/13 MP: 3/3
   302 | D:1      | Reached skill level 1 in Conjurations
   334 | D:1      | Reached XP level 2. HP: 19/19 MP: 0/5
   345 | D:1      | Learned a level 2 spell: Poisonous Vapours
   547 | D:1      | Reached skill level 1 in Short Blades
   684 | D:1      | Reached XP level 3. HP: 24/24 MP: 1/6
  1354 | D:2      | Reached skill level 1 in Air Magic
  1401 | D:2      | Learned a level 3 spell: Mephitic Cloud
  1430 | D:2      | Reached XP level 4. HP: 30/30 MP: 2/7
  1501 | D:2      | You fall through a shaft!
  1837 | D:2      | Reached XP level 5. HP: 34/35 MP: 2/8
  2402 | D:3      | Reached skill level 5 in Short Blades
  2958 | D:4      | Found a snail-covered altar of Cheibriados.
  3046 | D:4      | Reached XP level 6. HP: 41/41 MP: 1/9
  3700 | D:4      | Reached XP level 7. HP: 46/46 MP: 3/10
  3787 | D:5      | Entered Level 5 of the Dungeon
  4580 | D:5      | Reached skill level 1 in Shields
  5437 | D:6      | Reached XP level 8. HP: 39/52 MP: 11/11
  5662 | D:6      | Reached skill level 2 in Shields
  5896 | D:6      | Reached skill level 10 in Short Blades
  5896 | D:6      | Reached skill level 3 in Shields
  6396 | D:6      | Reached skill level 4 in Shields
  6490 | D:6      | Found a hazy altar of Hepliaklqana.
  6704 | D:6      | Found a staircase to the Ecumenical Temple.
  6718 | Temple   | Entered the Ecumenical Temple
  6768 | Temple   | Became a worshipper of Gozag Ym Sagoz the Greedy
  6988 | D:6      | Found a blossoming altar of Fedhas.
  7192 | D:6      | Reached skill level 5 in Shields
  7208 | D:6      | Reached skill level 6 in Shields
  7218 | D:6      | Reached XP level 9. HP: 27/55 MP: 12/12
  7588 | D:7      | Noticed Harold
  7654 | D:7      | Noticed Pikel
  7673 | D:6      | Killed Pikel
  7673 | D:6      | Reached skill level 7 in Shields
  7776 | D:6      | Reached skill level 8 in Shields
  8395 | D:7      | Killed Harold
  8395 | D:7      | Reached skill level 10 in Shields
  8554 | D:7      | Reached XP level 10. HP: 62/63 MP: 13/13
  8656 | D:8      | Found a sacrificial altar of Ru.
  9108 | D:8      | Reached skill level 11 in Shields
  9750 | D:8      | Found Filait's Weapon Shoppe.
  9752 | D:8      | Identified the +3 leather armour "Meown" {Int+2}
 10335 | D:9      | Reached skill level 12 in Shields
 10362 | D:9      | Found a staircase to the Lair.
 10369 | Lair:1   | Entered Level 1 of the Lair of Beasts
 10612 | Lair:1   | Noticed a black mamba
 10631 | Lair:1   | HP: 3/94 [black mamba (7)]
 10639 | Lair:1   | Killed a black mamba
 11158 | Lair:1   | Reached skill level 13 in Shields
 11270 | Lair:1   | Reached skill level 1 in Fighting
 11270 | Lair:1   | Reached XP level 11. HP: 13/70 MP: 14/14
 13318 | Lair:2   | Found a runed translucent door.
 13344 | Lair:2   | Reached skill level 14 in Shields
 13544 | Lair:2   | Found a shimmering altar of Xom.
 13544 | Lair:2   | Noticed hudiniq's ghost (journeyman MiFi)
 13544 | Lair:2   | Noticed a +0 great sword of chaos
 14182 | Lair:2   | Noticed an oklob plant
 14183 | Lair:2   | Noticed an oklob plant
 14183 | Lair:2   | Noticed an oklob plant
 14183 | Lair:2   | Noticed an oklob plant
 14934 | Lair:2   | Killed an oklob plant
 15455 | D:9      | Reached skill level 5 in Fighting
 15907 | D:8      | Found a glowing golden altar of the Shining One.
 15907 | D:8      | Found a sparkling altar of Nemelex Xobeh.
 15910 | D:8      | Found a shimmering altar of Xom.
 16000 | D:9      | Reached XP level 12. HP: 76/86 MP: 19/19
 16052 | D:9      | Found a white marble altar of Elyvilon.
 16112 | D:9      | Identified 3 scrolls of acquirement
 16273 | D:10     | Entered Level 10 of the Dungeon
 16423 | D:10     | Reached skill level 5 in Spellcasting
 16441 | D:10     | Found a bloodstained altar of Trog.
 17301 | D:9      | Found a white marble altar of Elyvilon.
 17350 | D:9      | Found a staircase to the Lair.
 17871 | D:9      | Found a staircase to the Lair.
 17916 | D:9      | Found a white marble altar of Elyvilon.
 18419 | D:9      | Found a white marble altar of Elyvilon.
 18446 | D:9      | Found a staircase to the Lair.
 19132 | D:10     | Found Ytokeotz's Antique Armour Boutique.
 19156 | D:10     | Learned a level 4 spell: Petrify
 19169 | D:10     | Bought a heavy robe for 125 gold pieces
 19172 | D:10     | Got a coiled bronze ring
 19184 | D:10     | Identified the cursed +0 robe of Kaohar {rN+} (You bought
                  | it in a shop on level 10 of the Dungeon)
 19197 | D:10     | Identified the ring of Ru's Whim {*Tele +Inv Slay+3} (You
                  | found it on level 10 of the Dungeon)
 19788 | D:10     | Reached skill level 1 in Transmutations
 20147 | D:10     | Reached skill level 1 in Earth Magic
 20309 | D:11     | Reached skill level 15 in Shields
 20605 | D:11     | Noticed a catoblepas
 20618 | D:11     | Killed a catoblepas
 20621 | D:11     | Noticed a two-headed ogre
 20630 | D:11     | Killed a two-headed ogre
 20697 | D:11     | Found a transporter.
 20762 | D:11     | Found a staircase to the Orcish Mines.
 20786 | D:11     | Slain by a red ugly thing

Skill      XL: |  1  2  3  4  5  6  7  8  9 10 11 12 |
---------------+-------------------------------------+-----
Conjurations   | 1 |  1.0
Dodging        | 3 |  3.0
Short Blades   | 1 2 4 5 7 9 10 | 10.0
Poison Magic   | 4 |  4.0
Air Magic      | 1 |  1.0
Shields        | 1 6 10 13 14 15 | 15.1
Fighting       | 1 5 6 |  6.9
Spellcasting   | 4 6 |  6.2
Transmutations | 4 |  4.1
Earth Magic    | 1 |  1.0
Stealth        | |  2.1

Action                   |  1- 3 |  4- 6 |  7- 9 | 10-12 || total
-------------------------+-------+-------+-------+-------++-------
Melee: Unarmed           |    15 |       |       |       ||    15
       Dagger            |    37 |    74 |   206 |   885 ||  1202
       Short sword       |       |       |    80 |    64 ||   144
       Rapier            |       |       |       |   163 ||   163
Throw: Javelin           |       |     2 |     2 |    24 ||    28
 Cast: Sting             |    12 |     1 |       |       ||    13
       Poisonous Vapours |    26 |    56 |    39 |    55 ||   176
       Mephitic Cloud    |       |     1 |     3 |       ||     4
Evoke: Wand              |       |       |       |    17 ||    17
  Use: Scroll            |       |    16 |     7 |     9 ||    32
       Potion            |       |       |     5 |     7 ||    12
 Stab: Sleeping          |       |     3 |       |    11 ||    14
       Confused          |       |       |     2 |       ||     2
       Held in net/web   |       |       |     3 |       ||     3
       Distracted        |       |       |       |     5 ||     5
  Eat: Chunk             |     4 |    11 |     9 |       ||    24
       Ration            |       |       |     3 |    13 ||    16
Armor: Robe              |    16 |     7 |    11 |    19 ||    53
       Skin              |       |       |       |     2 ||     2
       Leather armour    |       |       |       |    44 ||    44
Dodge: Dodged            |    47 |    29 |    83 |   134 ||   293
Block: Other             |       |     3 |    13 |       ||    16
       Large shield      |       |       |    46 |   564 ||   610
       Reflection        |       |       |     1 |     9 ||    10
       Shield            |       |       |       |   142 ||   142
